 Dungeon Crawl Stone Soup version 0.28-a0-957-g42eb19b844 (webtiles) character file.

Game seed: 11687420287803912750

65 a11behringer the Ruffian (level 3, -4/28 HPs)
             Began as a Draconian Transmuter on Nov 30, 2021.
             Slain by a gnoll (9 damage)
             ... on level 2 of the Dungeon.
             The game lasted 00:04:47 (1333 turns).

a11behringer the Ruffian (Draconian Transmuter)     Turns: 1333, Time: 00:04:47

Health: -4/28      AC:  5    Str: 12    XL:     3   Next: 92%
Magic:  6/6        EV: 12    Int: 15    God:
Gold:   33         SH:  0    Dex: 11    Spells: 5/6 levels left

rFire   . . .      SeeInvis .     - Unarmed
rCold   . . .      Faith    .   (no shield)
rNeg    . . .      Spirit   .   (armour unavailable)
rPois   .          Reflect  .   (helmet restricted)
rElec   .          Harm     .   (no cloak)
rCorr   .          Rampage  .   (no gloves)
Will    .....                   (no boots)
Stlth   +.........              (no amulet)
HPRegen 0.09/turn               (no ring)
MPRegen 0.10/turn               (no ring)

@: weak-willed
A: AC +5, unfitting armour, cold-blooded
a: no special abilities


You were on level 2 of the Dungeon.
You visited 1 branch of the dungeon, and saw 2 of its levels.

You collected 33 gold pieces.

Inventory:

Scrolls
 c - a scroll of amnesia {unknown}
Potions
 a - a potion of mutation {unknown}
 b - a potion of lignification {unknown}
 d - a potion of attraction {unknown}
 e - a potion of haste {unknown}
 f - a potion of ambrosia {unknown}
 g - a potion of curing {unknown}


   Skills:
 + Level 1.4 Fighting
 + Level 2.0 Dodging
 + Level 0.1 Stealth
 + Level 4.1 Unarmed Combat
 + Level 2.4 Spellcasting
 + Level 2.3 Transmutations


You had 5 spell levels left.
You knew the following spells:

 Your Spells              Type           Power      Damage    Failure   Level
a - Beastly Appendage     Tmut           16%        N/A       9%          1

Your spell library contained the following spells:

 Spells                   Type           Power      Damage    Failure   Level
 Wereblood                Tmut           8%         N/A       12%         2
 Spider Form              Tmut/Pois      5%         N/A       36%         3
 Ice Form                 Ice/Tmut       5%         N/A       78%         4
 Fulminant Prism          Conj/Hex       0%         3d6       91%         4
 Iskenderun's Mystic Bla  Conj/Tloc      1%         2d3       91%         4
 Lee's Rapid Deconstruct  Erth           0%         3d5*      99%         5


Dungeon Overview and Level Annotations

Branches:
Dungeon (2/15)

Altars:


Innate Abilities, Weirdness & Mutations

Your plain brown scales are hard. (AC +5)
You cannot fit into any form of body armour.
You are cold-blooded and may be slowed by cold attacks.


Message History

You hit the rat.
You kill the rat!
You see here a rat corpse.
A rat comes into view.
Casting: Beastly Appendage (safe; 9% risk of failure)
Press: ? - help, Q - select action Dir - look around, f - activate You grow a pair of large bovine horns.
Your feet morph into talons.
You hit the rat but do no damage. You claw the rat. You headbutt the rat.
You kill the rat!
Your transformation is almost over.
You now have 33 gold pieces (gained 9).
Found a hunting sling.
Your horns disappear.
Your talons disappear. 2 gnolls come into view.
A gnoll comes into view. It is wielding a +0 club.
A gnoll comes into view. It is wielding a +0 spear.
The gnoll shouts! x2; You hear an angry hiss. x2
An endoplasm comes into view.
An adder comes into view.
You hit the endoplasm.
The endoplasm is heavily wounded.
The gnoll hits you from afar with a +0 spear.
The endoplasm barely misses you.
The gnoll hits you from afar with a +3 spear.
You hit the endoplasm but do no damage. You tail-slap the endoplasm.
The endoplasm is almost dead.
The gnoll barely misses you. The endoplasm freezes you.
You are frozen.
The gnoll hits you from afar with a +3 spear!
* * * LOW HITPOINT WARNING * * *
The gnoll closely misses you.
As you read the scroll labelled KOSAUMN LUADWIGUAS, it crumbles to dust.
You feel aware of your surroundings.
It was a scroll of magic mapping.
The gnoll barely misses you.
The endoplasm hits you but does no damage.
The gnoll closely misses you. The gnoll barely misses you.
As you read the scroll labelled FUPLUEMAES, it crumbles to dust.
Magic quickly surges around you.
It was a scroll of vulnerability.
The gnoll hits you from afar with a +0 spear!
You die...

#................#*********#.....
#................+,,,,,,,,,+.....
#................#*********#.....
#..............### ******
#..............#*####
#...##.........#*...#
#...##........(#*...# ***
#...####.......##J..# *,, #####
#######..@...#**********,,
********#gg....#,,,,,,,,,+,,
*,,,,,..Sgg....#,*********,,
*,,,.......#...#,* *,,
*,,........#...#,* *,,
*,,........#####,* **,
*,,........# *,* *,
***,,........#****,* *,
*,,,,,*,*,,,,,,,**,* *,


You could see 4 gnolls, an adder (weak-willed) and an endoplasm (weak-willed).

Vanquished Creatures
  4 adders (D:2)
  A dart slug (D:1)
  An endoplasm (D:2)
  A giant cockroach (D:1)
  5 hobgoblins
  A quokka (D:2)
  3 ball pythons (D:1)
  2 bats (D:1)
  2 frilled lizards
  2 goblins (D:1)
  A kobold (D:2)
  8 rats
31 creatures vanquished.

Notes
Turn   | Place    | Note
-------+----------+-------------------------------------------
     0 | D:1      | a11behringer the Draconian Transmuter began the quest for
                  | the Orb.
     0 | D:1      | Reached XP level 1. HP: 16/16 MP: 3/3
   422 | D:1      | Reached XP level 2. HP: 23/23 MP: 3/5
   474 | D:1      | Found a faded altar of an unknown god.
   908 | D:2      | Reached XP level 3. HP: 25/28 MP: 4/6
   911 | D:2      | Reached skill level 4 in Unarmed Combat
  1333 | D:2      | Slain by a gnoll

Illustrated notes

Levels and vault maps discovered:
D:1:      dpeg_arrival_more_subterranean_lakeside_camping, layout_loops_cross,
          hellmonk_ecumenical_altar_pennies_from_heaven
D:2:      layout_basic

Skill      XL: |  1  2  3 |
---------------+----------+-----
Unarmed Combat | 4 |  4.1
Dodging        | 2 |  2.0
Fighting       | |  1.4
Stealth        | |  0.1
Spellcasting   | |  2.4
Transmutations | |  2.3

Action                   || total
-------------------------++-------
Melee: Unarmed           ||    73
       Kick              ||    11
       Tailslap          ||     6
       Headbutt          ||    10
       Punch             ||     2
 Cast: Beastly Appendage ||    22
  Use: Scroll            ||     2
 Stab: Sleeping          ||     1
Armor: Skin              ||    21
Dodge: Dodged            ||    38

Table legend: (Time is in decaauts)
 A = Elapsed time spent in this place.
 B = Non-inter-level travel time spent in this place.
 C = Inter-level travel time spent in this place.
 D = Time resting spent in this place.
 E = Time spent auto-exploring this place.
 F = Levels seen in this place.
 G = Mean time per level.
                   A        B        C        D        E       F      G
               +--------+--------+--------+--------+--------+-----+--------+
         Total |   1329 |   1207 |    122 |      0 |   1010 |   2 |  664.5 |
       Dungeon |   1329 |   1207 |    122 |      0 |   1010 |   2 |  664.5 |
               +--------+--------+--------+--------+--------+-----+--------+

Top non-repeatable levels by time:
     D:1: 864 daAuts
     D:2: 464 daAuts
